 Dungeon Crawl Stone Soup version 0.26-b1-32-g5d43845318 (webtiles) character file.

Game seed: 9490716176588559962

231 Clowwww the Conjurer (level 5, -6/28 HPs)
             Began as a Deep Elf Conjurer on Jan 4, 2021.
             Mangled by Pikel
             ... wielding a +2 whip of electrocution
              (9 damage)
             ... while paralysed by Pikel
             ... on level 4 of the Dungeon.
             The game lasted 00:11:04 (3597 turns).

Clowwww the Conjurer (Deep Elf Conjurer)            Turns: 3597, Time: 00:11:04

Health: -6/28      AC:  6    Str:  4    XL:     5   Next: 73%
Magic:  7/14       EV:  2    Int: 24    God:
Gold:   269        SH:  0    Dex: 13    Spells: 0/14 levels left

rFire    . . .     SeeInvis .   (no weapon)
rCold    . . .     Faith    .   (no shield)
rNeg     . . .     Spirit   .   a - +0 robe
rPois    .         Reflect  +   (no helmet)
rElec    .         Harm     .   (no cloak)
rCorr    .         Rampage  .   (no gloves)
Will     .....                  (no boots)
Stlth    ++........             l - amulet of reflection
HPRegen  0.09/turn              r - +4 ring of protection
MPRegen  0.14/turn              (no ring)

@: paralysed
A: no striking features
a: no special abilities


You were on level 4 of the Dungeon.
You visited 1 branch of the dungeon, and saw 4 of its levels.

You collected 269 gold pieces.

Inventory:

Armour
 a - a +0 robe (worn)
Jewellery
 l - an amulet of reflection (around neck)
 r - a +4 ring of protection (left hand)
Scrolls
 b - a scroll of identify
 c - a scroll of amnesia
 h - 2 scrolls of teleportation
 j - 4 scrolls of remove curse {unknown}
 k - 2 scrolls of magic mapping {unknown}
 m - 3 scrolls of fog {unknown}
 p - a scroll of immolation {unknown}
Potions
 e - 3 potions of curing
 f - 3 potions of brilliance
 g - a potion of attraction {unknown}
 i - 3 potions of cancellation {unknown}
 n - a potion of berserk rage {unknown}
 o - a potion of lignification {unknown}
 q - a potion of heal wounds {unknown}


   Skills:
 + Level 2.7 Dodging
 + Level 3.3 Stealth
 + Level 5.0 Spellcasting
 + Level 6.5 Conjurations


You couldn't memorise any spells.
You knew the following spells:

 Your Spells              Type           Power        Failure   Level
a - Magic Dart            Conj           100%         1%          1
b - Searing Ray           Conj           74%          1%          2
c - Dazzling Flash        Conj/Hex       42%          7%          3
d - Fulminant Prism       Conj/Hex       10%          22%         4
e - Summon Ice Beast      Ice/Summ       6%           65%         4

Your spell library contained the following spells:

 Spells                   Type           Power        Failure   Level
 Corona                   Hex            6%           9%          1
 Summon Small Mammal      Summ           24%          9%          1
 Call Imp                 Summ           6%           13%         2
 Ensorcelled Hibernation  Hex/Ice        12%          13%         2
 Iskenderun's Mystic Bla  Conj/Tloc      21%          22%         4
 Call Canine Familiar     Summ           6%           26%         3
 Confusing Touch          Hex            6%           26%         3
 Summon Guardian Golem    Hex/Summ       6%           26%         3
 Tukima's Dance           Hex            6%           26%         3
 Summon Lightning Spire   Summ/Air       6%           65%         4


Dungeon Overview and Level Annotations

Branches:
Dungeon (4/15)
 Temple: D:4-7

Altars:
Elyvilon
Ru
Trog

Annotations:
D:4 Pikel


Message History

The searing ray hits the lemure.
The lemure is lightly wounded.
The searing ray hits the lemure!
The lemure is severely wounded.
You finish channeling your searing ray.
Pikel zaps a wand.
You suddenly lose the ability to move!
Pikel zaps a wand.
You resist with some effort. The lemure hits you!
Pikel hits you with a +2 whip of electrocution.
The lemure hits you but does no damage. The lemure hits you.
Pikel hits you with a +2 whip of electrocution.
The lemure hits you.
* * * LOW HITPOINT WARNING * * *
The lemure barely misses you.
Pikel zaps a wand.
You shrug off the repeated paralysis!
The lemure hits you but does no damage.
Pikel hits you with a +2 whip of electrocution.
* * * LOW HITPOINT WARNING * * *
You are electrocuted!
You die...

...... .....
.... ... #.## .
#.5## ...
##.5.#..... ..
##5@K5......
....
##..####...(.
...... ##..##
..# #
##......##..## #
##...#........##
..# ....#
###......# .?.#
..## #..#...##
#.... ..#
#...##...## ...#
..## #..
##...###..#


You could see Pikel and 4 lemures.

Vanquished Creatures
  A sky beast (D:3)
  Robin (D:4)
  3 adders
  A worm (D:3)
  2 dart slugs (D:1)
  3 leopard geckos
  3 orcs
  2 giant cockroaches
  11 hobgoblins
  13 jackals
  9 kobolds
  2 quokkas (D:2)
  3 bats
  6 frilled lizards
  15 goblins
  10 rats
85 creatures vanquished.

Notes
Turn   | Place    | Note
-------+----------+-------------------------------------------
     0 | D:1      | Clowwww the Deep Elf Conjurer began the quest for the Orb.
     0 | D:1      | Reached XP level 1. HP: 10/10 MP: 6/6
   124 | D:1      | Reached XP level 2. HP: 15/15 MP: 5/8
   329 | D:1      | Reached skill level 5 in Conjurations
   335 | D:1      | Learned a level 2 spell: Searing Ray
   740 | D:1      | Reached XP level 3. HP: 19/19 MP: 7/9
  1073 | D:1      | Learned a level 3 spell: Dazzling Flash
  1502 | D:2      | Found a bloodstained altar of Trog.
  1951 | D:2      | Reached XP level 4. HP: 24/24 MP: 7/11
  1982 | D:2      | Found a sacrificial altar of Ru.
  2232 | D:3      | Found a faded altar of an unknown god.
  2348 | D:3      | Learned a level 4 spell: Fulminant Prism
  2688 | D:3      | Found a white marble altar of Elyvilon.
  3010 | D:3      | Noticed a sky beast
  3027 | D:3      | Killed a sky beast
  3028 | D:3      | Reached skill level 6 in Conjurations
  3028 | D:3      | Reached XP level 5. HP: 4/28 MP: 3/14
  3462 | D:4      | Noticed Robin
  3467 | D:4      | Reached skill level 5 in Spellcasting
  3475 | D:4      | Killed Robin
  3485 | D:4      | Learned a level 4 spell: Summon Ice Beast
  3584 | D:4      | Noticed Pikel
  3584 | D:4      | Noticed a lemure
  3584 | D:4      | Noticed a lemure
  3584 | D:4      | Noticed a lemure
  3585 | D:4      | Noticed a lemure
  3592 | D:4      | Paralysed by Pikel for 6 turns
  3597 | D:4      | Mangled by Pikel

Illustrated notes

Levels and vault maps discovered:
D:1:      dpeg_arrival_lava_temple_mockup, layout_loops_corners,
          minmay_crystal_water
D:2:      layout_basic, lemuel_crystal_altar, trog_butcher_becter
D:3:      minmay_razor_zed, layout_rooms, lemuel_crystal_altar,
          chequers_ecumenical_altar_simple_redux, minivault_4,
          serial_park_tiny_1, hex_intersection, minmay_misc_feat_room
D:4:      layout_layer_cave, temple_pool_b, chequers_avenue, minmay_vboxes,
          uniq_pikel, uniq_robin

Skill      XL: |  1  2  3  4  5 |
---------------+----------------+-----
Conjurations   | 5 6 |  6.5
Spellcasting   | 4 5 |  5.0
Stealth        | 3 |  3.3
Dodging        | |  2.7

Action                   |  1- 3 |  4- 6 || total
-------------------------+-------+-------++-------
 Cast: Magic Dart        |    68 |    23 ||    91
       Searing Ray       |     7 |    14 ||    21
  Use: Scroll            |       |     5 ||     5
Armor: Robe              |       |     5 ||     5
Dodge: Dodged            |     9 |    10 ||    19
Block: Other             |       |     1 ||     1
